 Dungeon Crawl Stone Soup version 0.32-a0-18-g89e19f1974 (webtiles) character file.

Game seed: 3773720510161867652

50204 BigPumpCobain the Severer (level 14, -9/202 HPs)
             Began as a Minotaur Berserker on Jan 16, 2024.
             Was a High Priest of Trog.
             Mangled by a naga warrior
             ... wielding a +2 scimitar of venom
              (12 damage)
             ... on level 1 of the Snake Pit.
             The game lasted 00:25:04 (16428 turns).

BigPumpCobain the Severer (Minotaur Berserker)     Turns: 16428, Time: 00:25:05

Health: -9/202     AC: 24    Str: 26    XL:     14   Next: 18%
Magic:  13/13      EV: 12    Int:  4    God:    Trog [*****.]
Gold:   1336       SH:  0    Dex: 11    Spells: 13/13 levels left

rFire   . . .        Z - +2 battleaxe (flame)
rCold   . . .        (shield currently unavailable)
rNeg    . . .        z - +4 chain mail
rPois   .            (helmet restricted)
rElec   .            M - +2 cloak {rCorr}
rCorr   +            f - +2 pair of gloves
SInv    +            (no boots)
Will    +++..        (no amulet) Stlth
                     b - ring of see invisible
HPRegen 1.53/turn    C - +5 ring of evasion
MPRegen 0.13/turn

%: no passive effects
@: berserking, lethally poisoned (-9 -> -30), strong-willed, regenerating,
slowed, constricted
A: horns 2, retaliatory headbutt
a: Renounce Religion, Berserk, Trog's Hand, Brothers in Arms


You were on level 1 of the Snake Pit.
You worshipped Trog.
Trog was extremely pleased with you.
You visited 3 branches of the dungeon, and saw 17 of its levels.
You also visited: Ossuary and Bailey.

You collected 1336 gold pieces.

Inventory:

Hand Weapons
 k - a +4 heavy executioner's axe
 R - a +5 heavy broad axe
 Z - a +2 battleaxe of flaming (weapon)
Missiles
 l - 2 throwing nets
 y - 6 javelins (quivered)
 X - 3 boomerangs
Armour
 f - a +2 pair of gloves (worn)
 z - a +4 chain mail (worn)
 M - a +2 cloak of preservation (worn)
 P - a +0 plate armour
Jewellery
 b - a ring of see invisible (left hand)
 o - a ring of protection from fire
 t - a +5 ring of evasion
 u - a ring of willpower
 C - a +5 ring of evasion (right hand)
Wands
 a - a wand of digging (14)
 w - a wand of light (6)
 H - a wand of polymorph (7)
 N - a wand of roots (8)
 O - a wand of mindburst (1)
 Q - a wand of flame (8)
 S - a wand of paralysis (5)
Scrolls
 e - 4 scrolls of torment
 h - 4 scrolls of noise
 i - a scroll of amnesia
 m - 10 scrolls of teleportation
 q - a scroll of butterflies
 x - a scroll of immolation
 A - 3 scrolls of poison
 I - 6 scrolls of revelation
 J - 3 scrolls of silence
 K - 3 scrolls of blinking
Potions
 c - 3 potions of attraction
 d - 3 potions of curing
 g - a potion of resistance
 j - 9 potions of ambrosia
 n - 6 potions of might
 r - 5 potions of magic
 s - 7 potions of haste
 v - a potion of degeneration {unknown}
 B - 4 potions of lignification {unknown}
 D - 4 potions of cancellation {unknown}
 E - 2 potions of berserk rage
 F - 14 potions of heal wounds
 G - 2 potions of mutation {unknown}
 T - a potion of experience {unknown}
 U - a potion of invisibility {unknown}
 V - 3 potions of brilliance {unknown}
Miscellaneous
 L - a phantom mirror


   Skills:
 + Level 15.3 Fighting
 * Level 20.8 Axes
 + Level 15.1 Armour
 - Level 2.1 Dodging


You had 13 spell levels left.
You didn't know any spells.
Your spell library was empty.

Dungeon Overview and Level Annotations

Branches:
Dungeon (12/15)            Temple (0/1) D:6            Lair (4/5) D:11
  Swamp (0/4) Lair:2        Snake (1/4) Lair:2          Orc (0/2) D:10
Ossuary (visited)          Bailey (visited)
  Slime: Lair:4-5

Altars:
Ashenzari
Elyvilon
Gozag
Hepliaklqana
Makhleb
Okawaru
Qazlal
Sif Muna
Trog
Wu Jian


Innate Abilities, Weirdness & Mutations

You have a pair of horns on your head.
You reflexively headbutt those who attack you in melee.


Message History

You are too injured to fight recklessly!
You are too injured to fight recklessly!
You are too injured to fight recklessly!
You are too injured to fight recklessly!
You are too injured to fight recklessly!
You are too injured to fight recklessly!
You are too injured to fight recklessly!
You are too injured to fight recklessly!
You are too injured to fight recklessly!
You are too injured to fight recklessly!
You are too injured to fight recklessly!
You are too injured to fight recklessly!
You are too injured to fight recklessly!
You are too injured to fight recklessly!
You are too injured to fight recklessly!
You are too injured to fight recklessly!
You are too injured to fight recklessly!
Your skin crawls.
You feel strong-willed.
You feel extremely sick. The guardian serpent barely misses you.
The naga warrior spits poison at you. The splash of poison hits you.
You are lethally poisoned!
* * * LOW HITPOINT WARNING * * *
The naga warrior hits you with a +0 glaive!
* * * LOW HITPOINT WARNING * * *
The naga warrior constricts you.
The guardian serpent hits you but does no damage.
The naga warrior barely misses you.
A red film seems to cover your vision as you go berserk!
You feel yourself moving faster!
You feel mighty!
* * * LOW HITPOINT WARNING * * *
You feel extremely sick.
The guardian serpent closely misses you.
The naga warrior spits poison at you. The splash of poison misses you.
The naga warrior constricts you.
* * * LOW HITPOINT WARNING * * *
The naga warrior hits you with a +2 scimitar of venom!
You die...

###
..######
.......#
##......#
##.?⌠....##
#.........#
#.)...⌠...#
#..<......#
#...@.⌠..##
#..SNN...#
##..⌠....#
##...####
#####


You could see 2 naga warriors and a guardian serpent.

Vanquished Creatures
  Rupert (Lair:3)
  Gastronok (D:8)
  Fannar (D:10)
  2 hydras (Lair:3)
  3 two-headed ogres
  21 death yaks
  Urug (D:11)
  Nergalle (Lair:3)
  A skyshark (Lair:2)
  The ghost of wetbulb the Spear-Bearer, a novice MfGl (D:9)
  A bog body (Lair:2)
  Pikel (D:9)
  An orc knight (Bailey)
  Maurice (D:9)
  A salamander (Lair:2)
  6 elephants (Lair:2)
  3 black mambas (Lair:1)
  Maggie (D:9)
  4 cane toads
  5 komodo dragons
  A rime drake (Lair:2)
  An unseen horror (D:8)
  A troll (D:9)
  5 polar bears
  A queen bee (D:9)
  11 blink frogs
  A shadow (D:9)
  6 wyverns
  Sigmund (D:6)
  54 yaks
  4 hogs (Lair:3)
  2 steam dragons
  3 nagas
  Edmund (D:4)
  An acid dragon (D:9)
  7 water moccasins
  5 black bears
  4 orc warriors
  An ice beast (D:6)
  5 ogres
  A wolf (Lair:1)
  10 centaurs
  2 boggarts (D:7)
  3 lemures (D:9)
  A kobold brigand (D:7)
  10 bullfrogs
  A gnoll sergeant (D:7)
  A water moccasin zombie (Ossuary)
  5 scorpions
  4 wights
  31 killer bees (D:9)
  3 jellies
  3 electric eels (Lair:2)
  5 centaur zombies (Ossuary)
  3 bombardier beetles
  4 howler monkeys
  A bullfrog zombie (Ossuary)
  Crazy Yiuf (D:4)
  7 orc priests
  A gnoll bouda (D:4)
  3 hounds
  3 iguanas
  9 orc wizards
  2 scorpion zombies (Ossuary)
  3 hell rats (Lair:1)
  2 ogre zombies (Ossuary)
  A mummy (D:6)
  17 gnolls
  10 adders
  3 river rats (Lair:1)
  A white imp (D:5)
  3 adder zombies (Ossuary)
  2 dart slugs
  A ribbon worm (D:2)
  The ghost of DeathSocks the Sneak, a weakling VSDe (D:6)
  38 orcs
  8 ball pythons
  9 endoplasms
  2 giant cockroaches
  6 gnoll zombies (Ossuary)
  9 goblins
  7 hobgoblins
  2 jackals (D:5)
  2 quokkas
  8 bats
  A frilled lizard (D:2)
  5 goblin zombies (Ossuary)
  3 hobgoblin zombies (Ossuary)
  12 kobolds
  An orc zombie (Ossuary)
  8 rats
451 creatures vanquished.

Vanquished Creatures (others)
  Kirke (Lair:3)
1 creature vanquished.

Grand Total: 452 creatures vanquished

Notes
Turn   | Place    | Note
-------+----------+-------------------------------------------
     0 | D:1      | BigPumpCobain the Minotaur Berserker began the quest for
                  | the Orb.
     0 | D:1      | Reached XP level 1. HP: 19/19 MP: 0/0
   170 | D:1      | Reached skill level 4 in Axes
   170 | D:1      | Reached XP level 2. HP: 26/27 MP: 1/1
  1228 | D:2      | Reached XP level 3. HP: 29/33 MP: 2/2
  1291 | D:2      | Identified the +3 whip "Woczon" {chaos, *Noise rPois rF-
                  | rN++ rCorr}
  1402 | D:2      | Reached ** piety under Trog
  1684 | D:3      | Noticed a scorpion
  1693 | D:3      | Killed a scorpion
  1694 | D:3      | Reached skill level 5 in Axes
  1694 | D:3      | Reached XP level 4. HP: 33/41 MP: 3/3
  1958 | D:3      | Reached XP level 5. HP: 45/47 MP: 4/4
  2145 | D:3      | Found a burning altar of Makhleb.
  2145 | D:3      | Found an opulent altar of Gozag.
  2394 | D:4      | Reached skill level 6 in Axes
  2608 | D:4      | Noticed Edmund
  2617 | D:4      | Reached skill level 5 in Fighting
  2617 | D:4      | Killed Edmund
  2618 | D:4      | Reached XP level 6. HP: 35/56 MP: 5/5
  2984 | D:4      | Found a hazy altar of Hepliaklqana.
  3110 | D:4      | Reached skill level 7 in Axes
  3431 | D:4      | Reached XP level 7. HP: 62/62 MP: 6/6
  3522 | D:4      | Found a runed translucent door.
  3523 | D:4      | Noticed Crazy Yiuf
  3530 | D:4      | Killed Crazy Yiuf
  3531 | D:4      | Reached skill level 5 in Armour
  3547 | D:5      | Entered Level 5 of the Dungeon
  3709 | D:5      | Reached skill level 8 in Axes
  3792 | D:5      | Reached *** piety under Trog
  3987 | D:5      | Reached XP level 8. HP: 30/71 MP: 7/7
  3993 | D:5      | You fall into a shaft and drop 3 floors!
  4171 | D:8      | Reached skill level 9 in Axes
  4404 | D:8      | Noticed Gastronok
  4425 | D:8      | Killed Gastronok
  4426 | D:8      | Reached skill level 11 in Axes
  4426 | D:8      | Reached XP level 9. HP: 57/81 MP: 8/8
  4748 | D:7      | Identified the +4 falchion of Benoib {speed, rF+ Dex+2}
  5058 | D:7      | Noticed a two-headed ogre
  5063 | D:7      | Noticed a two-headed ogre
  5064 | D:7      | Reached skill level 12 in Axes
  5068 | D:7      | Killed a two-headed ogre
  5078 | D:7      | Killed a two-headed ogre
  5079 | D:7      | Reached XP level 10. HP: 34/91 MP: 9/9
  5371 | D:6      | Reached skill level 13 in Axes
  5475 | D:6      | Found a broken altar of Ashenzari.
  5578 | D:6      | Noticed DeathSocks's ghost (weakling VSDe)
  5579 | D:6      | Found a transporter.
  5583 | D:6      | Found a transporter.
  5589 | D:6      | Noticed Sigmund
  5598 | D:6      | Killed Sigmund
  5638 | D:6      | Found a staircase to the Ecumenical Temple.
  5651 | D:6      | Reached **** piety under Trog
  5694 | D:6      | Found a bloodstained altar of Trog.
  5797 | D:6      | Identified the +4 falchion of Sackare {drain, rC+}
  5814 | D:6      | Found a sand-covered staircase.
  5823 | Ossuary  | Entered an ossuary
  5909 | Ossuary  | Reached skill level 10 in Fighting
  6397 | D:6      | Killed DeathSocks's ghost
  6530 | D:5      | Found a shimmering blue altar of Sif Muna.
  6759 | D:8      | Found an iron altar of Okawaru.
  6836 | D:8      | Found a stormy altar of Qazlal.
  6992 | D:8      | Found an ornate altar of the Wu Jian Council.
  7030 | D:8      | Reached skill level 10 in Armour
  7163 | D:8      | Found a white marble altar of Elyvilon.
  7390 | D:9      | Reached skill level 14 in Axes
  7453 | D:9      | Noticed Maurice
  7457 | D:9      | Maurice stole a phantom mirror
  7460 | D:9      | Killed Maurice
  7547 | D:9      | Noticed Pikel
  7560 | D:9      | Killed Pikel
  7649 | D:9      | Reached XP level 11. HP: 101/101 MP: 10/10
  7856 | D:9      | Reached skill level 15 in Axes
  7868 | D:9      | Reached ***** piety under Trog
  7991 | D:9      | Noticed Maggie
  8001 | D:9      | Killed Maggie
  8237 | D:9      | Found a runed translucent gate.
  8237 | D:9      | Found a runed translucent gate.
  8237 | D:9      | Found a runed translucent gate.
  8239 | D:9      | Noticed wetbulb's ghost (novice MfGl)
  8254 | D:9      | Killed wetbulb's ghost
  8550 | D:10     | Entered Level 10 of the Dungeon
  8590 | D:10     | Noticed Fannar
  8615 | D:10     | Killed Fannar
  9153 | D:10     | Found a flagged portal.
  9166 | Bailey   | Entered a bailey
  9181 | Bailey   | Reached skill level 16 in Axes
  9263 | Bailey   | Noticed an orc knight
  9276 | Bailey   | Killed an orc knight
  9574 | D:10     | Identified the +5 flail of Righteous Anger {heavy, rElec
                  | Str-3 Dex-3 SInv}
  9612 | D:10     | Found a staircase to the Orcish Mines.
 10220 | D:11     | Found a shimmering blue altar of Sif Muna.
 10223 | D:11     | Noticed Urug
 10234 | D:11     | Killed Urug
 10414 | D:11     | Found a staircase to the Lair.
 10641 | D:11     | Noticed a two-headed ogre
 10650 | D:11     | Killed a two-headed ogre
 11016 | Lair:1   | Entered Level 1 of the Lair of Beasts
 11016 | Lair:1   | Noticed a death yak
 11017 | Lair:1   | Noticed a death yak
 11017 | Lair:1   | Noticed a death yak
 11017 | Lair:1   | Noticed a death yak
 11018 | Lair:1   | Noticed a death yak
 11022 | Lair:1   | Killed a death yak
 11023 | Lair:1   | Reached XP level 12. HP: 107/113 MP: 11/11
 11025 | Lair:1   | Killed a death yak
 11027 | Lair:1   | Killed a death yak
 11027 | Lair:1   | Killed a death yak
 11028 | Lair:1   | Reached skill level 17 in Axes
 11034 | Lair:1   | Killed a death yak
 11329 | Lair:1   | Identified the +4 trident of Toothy Optimality {pain, rF++}
 11864 | Lair:1   | Reached skill level 18 in Axes
 12620 | Lair:2   | Reached XP level 13. HP: 123/123 MP: 12/12
 12689 | Lair:2   | Found a staircase to the Snake Pit.
 12783 | Lair:2   | Found a staircase to the Swamp.
 13106 | Lair:2   | Received a gift from Trog
 13108 | Lair:2   | Reached skill level 19 in Axes
 13604 | Lair:3   | Noticed Nergalle
 13613 | Lair:3   | Killed Nergalle
 13928 | Lair:3   | Noticed Kirke
 13940 | Lair:3   | Noticed a sphinx
 13946 | Lair:3   | Paralysed by a sphinx for 4 turns
 13962 | Lair:3   | Paralysed by a sphinx for 2 turns
 13962 | Lair:3   | Killed Kirke
 14184 | Lair:3   | Noticed Rupert
 14197 | Lair:3   | Killed Rupert
 14945 | Lair:4   | Reached skill level 20 in Axes
 15362 | Lair:4   | Reached skill level 15 in Fighting
 15378 | Lair:4   | Reached XP level 14. HP: 86/135 MP: 13/13
 15785 | Lair:4   | Received a gift from Trog
 15794 | Lair:4   | Reached skill level 15 in Armour
 16419 | Snake:1  | Entered Level 1 of the Snake Pit
 16428 | Snake:1  | HP: 7/202 [poisoned by a naga warrior (splash of poison)]
 16428 | Snake:1  | HP: 3/202 [constriction (4)]
 16428 | Snake:1  | Mangled by a naga warrior

Illustrated notes

Levels and vault maps discovered:
D:1:      dpeg_arrival_court, layout_loops_ring, serial_forest,
          infiniplex_forest_clump_long, infiniplex_forest_lined_3_way,
          infiniplex_forest_end_2, infiniplex_forest_clump_C,
          infiniplex_forest_zigzag_1, infiniplex_forest_corner_1,
          infiniplex_forest_clump_cross, infiniplex_forest_lined_corner,
          infiniplex_forest_lined_2, kennysheep_crisscross
D:2:      layout_rooms
D:3:      layout_basic, gammafunk_temple_overflow_pools
D:4:      layout_basic, mainiacjoe_overflow_cross_hatched,
          uniq_crazy_yiuf_cottage, uniq_edmund
D:5:      layout_rooms, nicolae_overflow_crystal_walls, roderic_lattice_a
D:6:      layout_loops_ring, mainiacjoe_overflow_brackets,
          amcnicky_altar_gilded, minmay_temple_entry_tees,
          gup_ossuary_entry_pyramid, gammafunk_ghost_smash, uniq_sigmund
D:7:      layout_cave_pools, dk_vineyard_1, nicolae_phantomly_mirrored
D:8:      layout_loops_corners, pdpol_wu_jian_five_deadly_venoms,
          mainiacjoe_overflow_catwalk, elyvilon_altar_1,
          nicolae_qazlal_scattered_showers, minivault_10, serial_bayou_pond_e,
          uniq_gastronok
D:9:      layout_roguey [special_room_bee], serial_rivers,
          chequers_serial_rivers_micro_a, chequers_serial_rivers_room_a,
          chequers_serial_rivers_marsh, chequers_serial_rivers_micro_c,
          chequers_serial_rivers_small_a, chequers_serial_rivers_room_a,
          ebering_ghost_rock_garden, uniq_pikel, uniq_maggie, uniq_maurice
D:10:     layout_layer_cave, orc_0_dummy, enter_bailey_3, uniq_fannar
D:11:     layout_loops_corners, dpeg_oklobed_lair, mrwooster_statue_mirror,
          nicolae_sif_muna_condensation, uniq_urug
D:12:     lemuel_ice_statue, layout_basic
Lair:1:   layout_concentric_octagons, nicolae_lair_lil_pond, st_stairs_6,
          kennysheep_abandoned_house, grunt_megastairs_3
Lair:2:   layout_regular_city, nicolae_swamp_entry_splash_gauntlet,
          alex1729_snake_entry_snake, nicolae_lair_grazing_beasts
          [nicolae_sub_lair_graze_edge, nicolae_sub_lair_graze_edge,
          nicolae_sub_lair_graze_edge, nicolae_sub_lair_graze_edge],
          infiniplex_staircase_pool
Lair:3:   layout_roguey, fungi_pond_lemuel, uniq_kirke, uniq_rupert,
          uniq_nergalle
Lair:4:   layout_cellular_growth, chequers_serial_rivers_large_b,
          beast_lair_carwin_8
Snake:1:  layout_grid_maze, grunt_ministairs_9, uniq_louise, uniq_aizul

Skill      XL: |  1  2  3  4  5  6  7  8  9 10 11 12 13 14 |
---------------+-------------------------------------------+-----
Axes           | 4 5 6 7 8 11 12 14 16 18 20 | 20.8
Fighting       | 4 5 6 8 9 10 12 13 15 | 15.3
Armour         | 3 4 5 7 9 10 12 13 14 15 | 15.1
Dodging        | |  2.1

Action                     |  1- 3 |  4- 6 |  7- 9 | 10-12 | 13-15 || total
---------------------------+-------+-------+-------+-------+-------++-------
  Melee: Hand axe          |   139 |    88 |    26 |       |       ||   253
         Headbutt          |    28 |    10 |    26 |   101 |    54 ||   219
         Punch             |     1 |       |     1 |     7 |       ||     9
         War axe           |       |       |   100 |   402 |       ||   502
         Broad axe         |       |       |       |   139 |    71 ||   210
         Battleaxe         |       |       |       |       |   147 ||   147
         Unarmed           |       |       |       |       |     5 ||     5
  Throw: Dart              |       |       |       |     5 |       ||     5
 Invoke: Berserk           |       |     1 |     4 |     3 |     4 ||    12
         Trog's Hand       |       |       |       |     2 |     3 ||     5
         Brothers in Arms  |       |       |       |     1 |       ||     1
    Use: Scroll            |       |       |       |    22 |     3 ||    25
         Potion            |       |       |       |       |     3 ||     3
 Armour: Animal skin       |    31 |       |       |       |       ||    31
         Ring mail         |     2 |    22 |       |       |       ||    24
         Chain mail        |       |    31 |    93 |   362 |   249 ||   735
         Skin              |       |       |       |       |     9 ||     9
  Dodge: Dodged            |    50 |    49 |    57 |   378 |   133 ||   667

Table legend: (Time is in decaauts)
 A = Elapsed time spent in this place.
 B = Non-inter-level travel time spent in this place.
 C = Inter-level travel time spent in this place.
 D = Time resting spent in this place.
 E = Time spent auto-exploring this place.
 F = Levels seen in this place.
 G = Mean time per level.
                   A        B        C        D        E       F      G
               +--------+--------+--------+--------+--------+-----+--------+
         Total |  16469 |  15529 |    940 |    886 |  12326 |  19 |  866.8 |
       Dungeon |  10513 |   9788 |    725 |    350 |   7917 |  12 |  876.1 |
          Lair |   5435 |   5221 |    214 |    532 |   4101 |   4 | 1358.8 |
     Snake Pit |      8 |      8 |      0 |      0 |      0 |   1 |    8.0 |
       Ossuary |    178 |    178 |      0 |      0 |     91 |   1 |  178.0 |
        Bailey |    333 |    333 |      0 |      2 |    216 |   1 |  333.0 |
               +--------+--------+--------+--------+--------+-----+--------+

Top non-repeatable levels by time:
  Lair:4: 1554 daAuts
  Lair:2: 1349 daAuts
  Lair:3: 1341 daAuts
     D:9: 1218 daAuts
  Lair:1: 1190 daAuts
     D:1: 1181 daAuts
     D:4: 1166 daAuts
     D:8: 1132 daAuts
    D:11: 1087 daAuts
    D:10: 1031 daAuts
     D:6: 920 daAuts
     D:7: 889 daAuts
     D:3: 705 daAuts
     D:5: 664 daAuts
     D:2: 514 daAuts
